 Dungeon Crawl Stone Soup version 0.28.0-47-ge53b351184 (webtiles) character file.

Game seed: 3224298462526895862

176 mortz the Conjurer (level 5, -1/38 HPs)
             Began as a Draconian Conjurer on May 7, 2022.
             Slain by a scorpion (3 damage)
             ... on level 6 of the Dungeon on May 8, 2022.
             The game lasted 00:13:45 (3676 turns).

mortz the Conjurer (Draconian Conjurer)             Turns: 3676, Time: 00:13:45

Health: -1/38      AC:  5    Str:  9    XL:     5   Next: 30%
Magic:  0/9        EV: 12    Int: 21    God:
Gold:   66         SH:  0    Dex:  9    Spells: 6/9 levels left

rFire   . . .      SeeInvis .   f - +0 short sword {short}
rCold   . . .      Faith    .   (no shield)
rNeg    . . .      Spirit   .   (armour unavailable)
rPois   .          Reflect  .   (helmet restricted)
rElec   .          Harm     .   (no cloak)
rCorr   .          Rampage  .   (no gloves)
Will    .....                   (no boots)
Stlth   ++........              (no amulet)
HPRegen 0.12/turn               o - ring of wizardry
MPRegen 0.11/turn               (no ring)

@: no status effects
A: AC +5, unfitting armour, cold-blooded
a: no special abilities


You were on level 6 of the Dungeon.
You visited 1 branch of the dungeon, and saw 6 of its levels.

You collected 66 gold pieces.


Innate Abilities, Weirdness & Mutations

Your plain brown scales are hard. (AC +5)
You cannot fit into any form of body armour.
You are cold-blooded and may be slowed by cold attacks.


   Skills:
 + Level 0.2 Short Blades
 + Level 2.2 Dodging
 + Level 2.1 Stealth
 + Level 2.8 Spellcasting
 + Level 5.6 Conjurations
 * Level 1.1 Translocations


You had 6 spell levels left.
You knew the following spells:

 Your Spells              Type           Power      Damage    Failure   Level
a - Magic Dart            Conj           100%       1d8       1%          1
b - Searing Ray           Conj           52%        2d6       1%          2

Your spell library contained the following spells:

 Spells                   Type           Power      Damage    Failure   Level
 Dazzling Flash           Conj/Hex       28%        N/A       5%          3
 Iskenderun's Mystic Bla  Conj/Tloc      17%        2d5       13%         4
 Fulminant Prism          Conj/Hex       7%         3d7       16%         4

Inventory:

Hand Weapons
 a - a +0 spear {polearm}
   (You found it on level 1 of the Dungeon)
 f - a +0 short sword (weapon) {short}
   (You took it off a kobold on level 1 of the Dungeon)
Jewellery
 o - a ring of wizardry (left hand)
   (You found it on level 3 of the Dungeon)
Wands
 l - a wand of digging (6)
   (You found it on level 2 of the Dungeon)
Scrolls
 b - a scroll of vulnerability {!r!r}
 j - a scroll of identify {@r1}
 m - a scroll of enchant armour {unknown}
 n - a scroll of immolation {!r!r}
 q - a scroll of magic mapping {unknown}
Potions
 p - a potion of might

Dungeon Overview and Level Annotations

Branches:
Dungeon (7/15)
 Temple: D:4-7

Altars:

Annotations:
D:2 1 runed translucent door, Crazy Yiuf
D:7 Harold

...#### #.......
##.......
#......#
##.....# #
#......## .#
#####.......##.#
#@#.s..........#
##s##.........#
######S..(...#
##.>....#
##........
##.###### .# .#
##


You could see a scorpion.


Message History

Harold gestures at you while chanting.
You barely resist. Your iguana misses the crimson imp.
Your Translocations skill increases to level 1!
As you read the scroll labelled LYATYIST UGEI, it crumbles to dust.
You hear a loud clanging noise!
It was a scroll of noise.
You hear a shout! x6
Your ufetubus is engulfed in a cloud of scalding steam.
Your ufetubus dies!
Your ufetubus dissolves into shadows!
The crimson imp blinks! x2; Your iguana bites the crimson imp.
Your iguana's attack snaps the crimson imp out of its fear.
Harold barely misses you.
Harold hits your iguana with a +0 hand axe!
Your iguana dies!
Your iguana's corpse dissolves into shadows!
As you read the scroll labelled GEGAWU GULOMOO, it crumbles to dust.
It is a scroll of amnesia.
Really abort (and waste the scroll)?
Okay, then.
The crimson imp blinks! x2; Harold hits you with a +0 hand axe!!
Ouch! That really hurt!
* * * LOW HITPOINT WARNING * * *
😨 HP[-20] MP[+1]
You take 20 damage, and now have 14/38 hp.
MASSIVE DAMAGE!! (PAUSE)
As you read the scroll labelled WIKOKK NOBIU, it crumbles to dust.
You feel strangely unstable.
It was a scroll of teleportation.
The crimson imp hits your steam dragon but does no damage.
The crimson imp blinks!
Your steam dragon barely misses the crimson imp.
Your steam dragon misses the crimson imp.
Harold hits you with a +0 hand axe!
* * * LOW HITPOINT WARNING * * *
😱 HP[-7]
You take 7 damage, and now have 7/38 hp.
Really walk into that cloud of steam?
Okay, then.
Okay, then.
Casting: Searing Ray (safe; 1% risk of failure)
Confirm with . or Enter, or press ? or * to list all spells.
Aiming: Searing Ray (safe; 1% risk of failure)
Press: ? - help, Shift-Dir - straight line, f - Harold
Aim: Harold, wielding a +0 hand axe, wearing a +0 chain mail and quivering 3 throwing nets (90% to hit)
The searing ray misses Harold. (Press . to maintain the ray.)
The crimson imp closely misses your steam dragon.
The crimson imp blinks!
Harold hits you with a +0 hand axe.
* * * LOW HITPOINT WARNING * * *
Your steam dragon closely misses the crimson imp.
Your steam dragon barely misses the crimson imp. 😱 HP[-3] MP[-2]
You take 3 damage, and now have 4/38 hp.
You lost 2 mp, and now have 2/9 mp.
The searing ray hits Harold but does no damage.
The crimson imp hits your steam dragon but does no damage.
Harold hits you with a +0 hand axe.
* * * LOW HITPOINT WARNING * * *
Your steam dragon bites the crimson imp.
Your steam dragon claws the crimson imp. 😱 HP[-1] MP[-1]
You take 1 damage, and now have 3/38 hp.
You lost 1 mp, and now have 1/9 mp.
The searing ray hits Harold.
Your surroundings suddenly seem different.
Found 15 gold pieces and a short sword.
Found a stone staircase leading up. 😱 HP[+1] MP[-1]
You lost 1 mp, and now have 0/9 mp.
An orc and an orc priest come into view.
The orc priest shouts!
You hear a shout!
An orc comes into view. It is wielding a +0 dagger.
The orc priest moves out of view.
The orc shouts!
An orc priest comes into view. It is wielding a +0 mace. 😱 MP[+1]
There is a stone staircase leading up here.
You climb upwards.
There is a stone staircase leading down here. 😱 HP[+1]
The adder hisses angrily. 😱 MP[+1]
Casting: Searing Ray (safe; 1% risk of failure)
Confirm with . or Enter, or press ? or * to list all spells.
Aiming: Searing Ray (safe; 1% risk of failure)
Press: ? - help, Shift-Dir - straight line, f - scorpion
Aim: a scorpion (79% to hit)
The searing ray hits the scorpion. (Press . to maintain the ray.)
The scorpion stings you.
* * * LOW HITPOINT WARNING * * *
😱 HP[-3] MP[-2]
You take 3 damage, and now have 2/38 hp.
You lost 2 mp, and now have 0/9 mp.
Without enough magic to sustain it, your searing ray dissipates.
The scorpion barely misses you.
You completely miss the scorpion.
Your tail-slap misses the scorpion.
The scorpion closely misses you.
You closely miss the scorpion. The scorpion stings you.
You die...

Skill      XL: |  1  2  3  4  5 |
---------------+----------------+-----
Dodging        | 2 |  2.2
Conjurations   | 5 |  5.6
Stealth        | 2 |  2.1
Translocations | 1 |  1.1
Short Blades   | |  0.2
Spellcasting   | |  2.8

Action                   |  1- 3 |  4- 6 || total
-------------------------+-------+-------++-------
Melee: Short sword       |     7 |     7 ||    14
 Cast: Magic Dart        |    44 |    15 ||    59
       Searing Ray       |    15 |     7 ||    22
  Use: Scroll            |       |     9 ||     9
Armor: Skin              |     2 |     5 ||     7
Dodge: Dodged            |     4 |    26 ||    30

Levels and vault maps discovered:
D:1:      lemuel_arrival_hallway, layout_loops_ring, basic_ecumenical_altar,
          hangedman_decor_growths
D:2:      layout_basic, minmay_quantized, uniq_crazy_yiuf_cottage
D:3:      layout_basic, minmay_shallow_snake_nest
D:4:      cheibrodos_greedy_goblins, layout_rooms, gammafunk_ghost_smash,
          portal_sewer_entry_d, chequers_serial_rivers_micro_c, uniq_edmund
D:6:      minmay_angry_zag, layout_layer_cave, minmay_checkerbox, uniq_sigmund
D:7:      layout_loops_cross, minmay_temple_entry_statues_pillars, serial_shops,
          nicolae_shop_stone, glass_columns_a, minmay_nine_imps, uniq_harold,
          uniq_menkaure

Notes
Turn   | Place    | Note
-------+----------+-------------------------------------------
     0 | D:1      | mortz the Draconian Conjurer began the quest for the Orb.
     0 | D:1      | Reached XP level 1. HP: 14/14 MP: 3/3
     0 | D:1      | magus.rc [v1.9.6]
   427 | D:1      | Reached XP level 2. HP: 20/20 MP: 0/5
   517 | D:1      | Learned a level 2 spell: Searing Ray
   520 | D:1      | Found a faded altar of an unknown god.
  1125 | D:2      | Reached skill level 2 in Dodging
  1213 | D:2      | Reached XP level 3. HP: 26/26 MP: 2/6
  1393 | D:2      | Reached skill level 5 in Conjurations
  1624 | D:2      | Reached skill level 2 in Stealth
  2056 | D:2      | Found a runed translucent door.
  2057 | D:2      | Noticed Crazy Yiuf
  2139 | D:2      | Reached XP level 4. HP: 33/33 MP: 0/7
  2201 | D:2      | magus.rc [v1.9.6]
  3640 | D:4      | Noticed an ice beast
  3641 | D:4      | You fall into a shaft and drop 3 floors!
  3647 | D:7      | Noticed Harold
  3648 | D:7      | Reached XP level 5. HP: 33/38 MP: 3/9
  3651 | D:7      | Reached skill level 1 in Translocations
  3653 | D:7      | HP: 7/38 [Harold/+0 hand axe (7)]
  3655 | D:7      | HP: 3/38 [Harold/+0 hand axe (1)]
  3673 | D:6      | HP: 2/38 [scorpion (4)]
  3676 | D:6      | Slain by a scorpion

Vanquished Creatures
  A crimson imp (D:7)
  A hound (D:3)
  5 adders
  2 worms (D:2)
  A dart slug (D:2)
  7 ball pythons
  4 endoplasms
  3 giant cockroaches
  5 goblins
  7 hobgoblins
  2 quokkas (D:2)
  A bat (D:1)
  5 frilled lizards
  5 kobolds
  8 rats
57 creatures vanquished.

Vanquished Creatures (collateral kills)
  A shadow imp (D:7)
1 creature vanquished.

Vanquished Creatures (others)
  2 fungi (D:3)
2 creatures vanquished.

Grand Total: 60 creatures vanquished

Table legend:
 A = Non-vault XP
 B = Vault XP
 C = Vault XP percentage of total XP
 D = Non-vault monster count
 E = Vault monster count
 F = Vault count percentage of total count
                 A         B        C        D         E       F
            +---------+---------+-------+---------+---------+-------
      Total |     166 |      86 |  34.1 |      48 |      10 |  17.2
            +---------+---------+-------+---------+---------+-------
        D:1 |      17 |       0 |   0.0 |      13 |       0 |   0.0
        D:2 |      82 |       8 |   8.9 |      27 |       3 |  10.0
        D:3 |      67 |      16 |  19.3 |       8 |       5 |  38.5
        D:7 |       0 |      62 | 100.0 |       0 |       2 | 100.0
            +---------+---------+-------+---------+---------+-------

Illustrated notes

Table legend:
 A = Kills in this place as a percentage of kills in entire the game.
 B = Kills by you in this place as a percentage of kills by you in the entire game.
 C = Kills by friends in this place as a percentage of kills by friends in the entire game.
 D = Other kills in this place as a percentage of other kills in the entire game.
 E = Experience gained in this place as a percentage of experience gained in the entire game.
 F = Experience gained in this place divided by the number of levels of this place that you have seen.
                   A       B       C       D       E      F
               +-------+-------+-------+-------+-------+----------------------
         Total | 100.0 | 100.0 | 100.0 |   N/A | 100.0 |  42.0
       Dungeon | 100.0 | 100.0 | 100.0 |   N/A | 100.0 |  42.0
               +-------+-------+-------+-------+-------+----------------------

Table legend: (Time is in decaauts)
 A = Elapsed time spent in this place.
 B = Non-inter-level travel time spent in this place.
 C = Inter-level travel time spent in this place.
 D = Time resting spent in this place.
 E = Time spent auto-exploring this place.
 F = Levels seen in this place.
 G = Mean time per level.
                   A        B        C        D        E       F      G
               +--------+--------+--------+--------+--------+-----+--------+
         Total |   3675 |   3606 |     69 |    262 |   2985 |   6 |  612.5 |
       Dungeon |   3675 |   3606 |     69 |    262 |   2985 |   6 |  612.5 |
               +--------+--------+--------+--------+--------+-----+--------+

Top non-repeatable levels by time:
     D:2: 1476 daAuts
     D:3: 1165 daAuts
     D:1: 991 daAuts
     D:7: 22 daAuts
     D:6: 11 daAuts
     D:4: 7 daAuts
